 Dungeon Crawl Stone Soup version bcrawl-1.36.5b (webtiles) character file.

Game seed: 6084401336121121385

374272 CuBeRJAN3 the Protected (level 11, -4/95 HPs)
             Began as a Hill Orc Fighter on Sept 2, 2022.
             Was a High Priest of Okawaru.
             Slain by an anaconda skeleton (8 damage)
             ... on level 2 of the Lair of Beasts.
             The game lasted 00:40:17 (10326 turns).

CuBeRJAN3 the Protected (Hill Orc Fighter)         Turns: 10326, Time: 00:40:18

Health: -4/95      AC: 18    Str: 22    XL:     11   Next: 73%
Magic:  11/11      EV:  2    Int:  8    God:    Okawaru [*****.]
Gold:   296        SH: 12    Dex: 15    Spells: 10/10 levels left

rFire    + + .     GDR:     35% a - +3 war axe
rCold    x . .     SeeInvis .   c - +0 medium shield
rNeg     . . .     Gourm    .   h - +0 chain mail
rPois    .         Faith    .   r - +0 helmet
rElec    .         Spirit   .   H - scarf {repulsion}
rCorr    .         Reflect  .   f - +2 pair of gloves
MR       .....                  g - +0 pair of boots
Stlth    ..........             D - amulet of the acrobat
HPRegen  0.25/turn              y - ring of protection from fire
MPRegen  0.12/turn              K - ring "Kuluuts" {Fire Dex+4}

@: constricted, repel missiles
A: no striking features
a: Heroism, Finesse, Renounce Religion


You were on level 2 of the Lair of Beasts.
You worshipped Okawaru.
Okawaru was extremely pleased with you.
You were not hungry.

You visited 3 branches of the dungeon, and saw 11 of its levels.
You also visited: Ossuary.

You collected 737 gold pieces.
You spent 441 gold pieces at shops.

Inventory:

Hand Weapons
 a - a +3 war axe (weapon)
Missiles
 v - 544 poisoned tomahawks
 w - 2 throwing nets {=f}
 M - 144 steel javelins (quivered)
Armour
 c - a +0 medium shield (worn)
 f - a +2 pair of gloves (worn)
 g - a +0 pair of boots (worn)
 h - a +0 chain mail (worn)
 r - a +0 helmet (worn)
 H - a scarf of repulsion (worn)
 I - a +0 cloak
Jewellery
 y - a ring of protection from fire (left hand)
 C - an uncursed ring of wizardry
 D - an amulet of the acrobat (around neck)
 G - an uncursed ring of see invisible
 K - the ring "Kuluuts" (right hand) {Fire Dex+4}
   (You found it on level 7 of the Dungeon)

   [ring of fire]

   It enhances your fire magic.
   It affects your dexterity (+4).
   It protects you from fire.
   It makes you vulnerable to cold.
Wands
 u - a wand of flame (38)
 F - a wand of polymorph (5)
 J - a wand of iceblast (6)
Scrolls
 i - a scroll of identify
 k - 4 scrolls of fear
 m - 6 scrolls of remove curse
 n - 4 scrolls of magic mapping
 t - 3 scrolls of teleportation
 x - 3 scrolls of immolation
 B - a scroll of fog {unknown}
 E - 2 scrolls of amnesia {unknown}
 L - a scroll of blinking {unknown}
 N - a scroll of enchant armour {unknown}
Potions
 b - a potion of brilliance {unknown}
 d - a potion of might
 j - 4 potions of mutation
 l - 3 potions of lignification
 o - a potion of degeneration
 p - 6 potions of curing
 s - 3 potions of magic
 z - 2 potions of flight {unknown}
 A - a potion of cancellation {unknown}
 P - a potion of agility {unknown}
Miscellaneous
 O - a lamp of fire
Comestibles
 e - 2 rations {!d}


   Skills:
 + Level 8.6 Fighting
   Level 8.6 Short Blades
   Level 8.6 Long Blades
   Level 8.6 Axes
   Level 8.6 Maces & Flails
   Level 8.6 Polearms
   Level 8.6 Staves
 + Level 8.4 Throwing
 + Level 10.7 Armour
 + Level 10.7 Shields
   Level 8.6 Unarmed Combat


You had 10 spell levels left.
You didn't know any spells.
Your spell library was empty.

Dungeon Overview and Level Annotations

Branches:
Dungeon (8/12)             Temple (1/1) D:6            Lair (2/6) D:7
  Snake (0/3) Lair:2
  Swamp: Lair:2-4    Shoals: Lair:2-4    Spider: Lair:2-4       Orc: D:8-11

Altars:
Ashenzari
Dithmenos
Fedhas
Hepliaklqana
Kikubaaqudgha
Makhleb
Nemelex Xobeh
Okawaru
Qazlal
Ru
Trog
Uskayaw
Vehumet
Wu Jian
Xom
Yredelemnul
Zin
The Shining One

Shops:
D:5 ?*!   D:8 (

Annotations:
D:3 exclusions: downstairs and 1 more exclusion, Blork the orc


Message History

The anaconda skeleton constricts you.
The anaconda skeleton bites you but does no damage.
* * * LOW HITPOINT WARNING * * *
The anaconda skeleton constricts you.
You hit the anaconda skeleton.
The anaconda skeleton is heavily damaged.
The anaconda skeleton barely misses you.
The anaconda skeleton constricts you.
You slash the anaconda skeleton!
The anaconda skeleton is severely damaged.
The anaconda skeleton barely misses you.
* * * LOW HITPOINT WARNING * * *
The anaconda skeleton constricts you.
You block the anaconda skeleton's attack.
* * * LOW HITPOINT WARNING * * *
The anaconda skeleton constricts you.
You closely miss the anaconda skeleton.
The anaconda skeleton is severely damaged.
The anaconda skeleton bites you!
You die...

...........#
...........# ....
...........# ......
..........#
........###...P.P..#
........#..........#
#..............#..##
####............@#.>.#
...P..(..(.......Z...#
...'.....P.......#..##
#...(..#.......+$.##
#.......#...#.##...#
####..............Z.##
..#P................#
....................P#
#.####..#.#.##.####.##


You could see an anaconda skeleton.

Vanquished Creatures
  A sphinx (Lair:2)
  3 anaconda skeletons (Lair:2)
  A black mamba (Lair:1)
  3 cane toads (Lair:1)
  A komodo dragon (Lair:1)
  A rime drake (Lair:1)
  A hippogriff (Lair:2)
  12 yaks
  A steam dragon (Lair:2)
  A hungry ghost (D:7)
  Menkaure (D:6)
  3 wargs (D:7)
  Duvessa (D:5)
  A water moccasin (Lair:2)
  4 porcupines
  A hornet zombie (D:6)
  2 orc warriors
  2 necrophages
  A sky beast (D:6)
  An ice beast (D:5)
  3 ogres
  8 bullfrogs
  A gnoll sergeant (D:5)
  2 centaurs (D:8)
  A water moccasin zombie (Ossuary)
  Dowan (D:6)
  3 killer bees (D:7)
  6 orc priests
  A howler monkey (D:7)
  2 jellies
  3 crimson imps
  6 bullfrog zombies (Ossuary)
  A bullfrog skeleton (D:8)
  2 orc wizards
  An iguana (D:7)
  2 hounds
  5 worker ants
  2 killer bee zombies
  4 hound zombies
  2 hound skeletons
  17 mummies
  A howler monkey zombie (Ossuary)
  2 worker ant zombies (Ossuary)
  3 gnolls (D:5)
  7 adders
  2 shadow imps
  2 oozes (D:1)
  2 adder skeletons
  3 adder zombies (Ossuary)
  A dart slug (D:4)
  6 worms
  3 leopard geckos
  23 orcs
  4 ball pythons
  2 giant cockroaches
  6 goblins
  12 hobgoblins
  6 jackals
  6 kobolds
  3 quokkas
  3 bats
  8 frilled lizards
  2 jackal zombies (Ossuary)
  3 quokka zombies
  6 rats
231 creatures vanquished.

Vanquished Creatures (others)
  An orc wizard (D:6)
  A plant (Lair:2)
  A withered plant (Ossuary)
3 creatures vanquished.

Grand Total: 234 creatures vanquished

Notes
Turn   | Place    | Note
-------+----------+-------------------------------------------
     0 | D:1      | CuBeRJAN3 the Hill Orc Fighter began the quest for the Orb.
     0 | D:1      | Reached XP level 1. HP: 19/19 MP: 1/1
    23 | D:1      | Reached XP level 2. HP: 21/26 MP: 2/2
   288 | D:1      | Reached XP level 3. HP: 31/31 MP: 3/3
   906 | D:2      | Reached XP level 4. HP: 38/38 MP: 4/4
  1882 | D:3      | Reached XP level 5. HP: 44/46 MP: 5/5
  2363 | D:3      | Noticed Blork the orc
  2628 | D:4      | Noticed a water elemental
  2637 | D:4      | Noticed an ogre
  2687 | D:4      | Found a bloodstained altar of Trog.
  2719 | D:4      | Found a stormy altar of Qazlal.
  2719 | D:4      | Noticed an ogre
  2841 | D:4      | Reached XP level 6. HP: 52/52 MP: 6/6
  2896 | D:4      | Reached skill level 5 in Armour
  2896 | D:4      | Reached skill level 5 in Shields
  3104 | D:4      | Noticed a fire elemental
  3104 | D:4      | Noticed an air elemental
  3406 | D:4      | Reached XP level 7. HP: 39/60 MP: 7/7
  3762 | D:5      | Entered Level 5 of the Dungeon
  3762 | D:5      | Found Uprouv's Assorted Antiques.
  3943 | D:4      | Reached skill level 1 in Throwing
  4033 | D:5      | Found Biakiplu's Magic Scroll Boutique.
  4043 | D:5      | Bought a scroll of identify for 22 gold pieces
  4043 | D:5      | Bought a scroll of identify for 22 gold pieces
  4043 | D:5      | Bought a scroll of identify for 22 gold pieces
  4043 | D:5      | Bought a scroll of identify for 22 gold pieces
  4043 | D:5      | Bought a scroll of fear for 55 gold pieces
  4043 | D:5      | Bought a scroll of fear for 55 gold pieces
  4043 | D:5      | Bought a scroll of remove curse for 33 gold pieces
  4081 | D:5      | Found a sand-covered staircase.
  4120 | Ossuary  | Entered an ossuary
  4229 | Ossuary  | Reached skill level 5 in Fighting
  4241 | Ossuary  | Reached XP level 8. HP: 33/67 MP: 8/8
  4866 | D:5      | Found Jexefymm's Distillery.
  5245 | D:5      | Found a faded altar of an unknown god.
  5245 | D:5      | Found a hazy altar of Hepliaklqana.
  5247 | D:5      | Found a faded altar of an unknown god.
  5359 | D:5      | Bought a potion of heal wounds for 60 gold pieces
  5379 | D:6      | Noticed Dowan
  5379 | D:6      | Noticed Duvessa
  5663 | D:6      | Reached XP level 9. HP: 74/74 MP: 9/9
  5703 | D:6      | Paralysed by fainting for 9 turns
  5822 | D:6      | Found a staircase to the Ecumenical Temple.
  5832 | Temple   | Entered the Ecumenical Temple
  6102 | Temple   | Became a worshipper of Warmaster Okawaru
  6215 | D:6      | Noticed Menkaure
  6221 | D:6      | Killed Menkaure
  6255 | D:6      | Killed Dowan
  6296 | D:5      | Killed Duvessa
  6688 | D:7      | Reached * piety under Okawaru
  6807 | D:7      | Reached skill level 5 in Throwing
  6932 | D:7      | Found a staircase to the Lair.
  7055 | D:5      | Bought 2 potions of heal wounds for 120 gold pieces
  7055 | D:5      | Bought a potion of curing for 30 gold pieces
  7162 | D:7      | HP: 3/78 [poisoned by a killer bee]
  7187 | D:7      | HP: 3/78 [poisoned by a killer bee]
  7193 | D:7      | HP: 3/78 [poisoned by a killer bee]
  7447 | D:6      | Reached ** piety under Okawaru
  7448 | D:6      | Reached XP level 10. HP: 34/84 MP: 10/10
  8366 | D:7      | Got a brightly glowing marble ring
  8493 | D:8      | Identified the ring "Kuluuts" {Fire Dex+4} (You found it on
                  | level 7 of the Dungeon)
  8518 | D:8      | Found Mymemp's Weapon Emporium.
  8601 | D:8      | Reached *** piety under Okawaru
  8632 | D:8      | Noticed a deep elf mage
  8692 | Lair:1   | Entered Level 1 of the Lair of Beasts
  8812 | Lair:1   | Noticed a cane toad
  8823 | Lair:1   | Killed a cane toad
  9112 | Lair:1   | Noticed a cane toad
  9119 | Lair:1   | Killed a cane toad
  9125 | Lair:1   | Reached **** piety under Okawaru
  9164 | Lair:1   | Noticed a black mamba
  9172 | Lair:1   | Killed a black mamba
  9194 | Lair:1   | Noticed a cane toad
  9214 | Lair:1   | Killed a cane toad
  9214 | Lair:1   | Received a gift from Okawaru
  9215 | Lair:1   | Reached XP level 11. HP: 19/94 MP: 11/11
  9518 | Lair:1   | Reached skill level 10 in Armour
  9556 | Lair:1   | Reached skill level 10 in Shields
  9609 | Lair:1   | Received a gift from Okawaru
 10006 | Lair:2   | Found a staircase to the Snake Pit.
 10006 | Lair:2   | Noticed a sphinx
 10244 | Lair:2   | Killed a sphinx
 10244 | Lair:2   | Reached ***** piety under Okawaru
 10306 | Lair:2   | Paralysed by fainting for 9 turns
 10325 | Lair:2   | HP: 4/95 [anaconda skeleton (1)]
 10326 | Lair:2   | Slain by an anaconda skeleton

Skill      XL: |  1  2  3  4  5  6  7  8  9 10 11 |
---------------+----------------------------------+-----
Shields        | 4 5 6 7 8 9 10 | 10.7
Armour         | 4 5 6 7 8 9 10 | 10.7
Fighting       | 4 5 6 7 8 |  8.6
Throwing       | 2 4 5 7 8 |  8.4
Short Blades   | |  8.6
Long Blades    | |  8.6
Axes           | |  8.6
Maces & Flails | |  8.6
Polearms       | |  8.6
Staves         | |  8.6
Unarmed Combat | |  8.6

Action                   |  1- 3 |  4- 6 |  7- 9 | 10-12 || total
-------------------------+-------+-------+-------+-------++-------
Melee: War axe           |   124 |   214 |   518 |   269 ||  1125
Throw: Tomahawk          |       |       |    45 |    26 ||    71
       Javelin           |       |       |       |    32 ||    32
Invok: Heroism           |       |       |       |     4 ||     4
  Use: Scroll            |       |     1 |     9 |     5 ||    15
       Potion            |       |       |     2 |     3 ||     5
  Eat: Chunk             |     5 |    15 |    12 |    13 ||    45
       Ration            |       |       |     5 |     4 ||     9
Armor: Scale mail        |    72 |    93 |       |       ||   165
       Chain mail        |       |    20 |   303 |   179 ||   502
Dodge: Dodged            |    21 |    39 |    84 |    58 ||   202
Block: Medium shield     |    62 |   111 |   286 |   166 ||   625
